Description

-Nothing to say -Not my own order

Build Order

Get SALT Encoding   

  14  0:17  Supply Depot  
  15  0:29  Refinery  
  16  0:45  Barracks  
  17  0:58  Refinery  
  19  1:33  Barracks Reactor  
  19  1:40  Orbital Command  
  19  1:41  Factory  
  19  1:42  Supply Depot  
  23  2:09  Marine  never stop
  24  2:30  Starport  Same SCV who build Factory
  24  2:31  Factory Tech Lab  
  26  2:35  Supply Depot  Non stop all game
  27  2:40  Factory Tech Lab  Lift up Factory- Put Starport on Tech Lab
  29  3:00  Banshee  never stop
  29  3:01  Personal Cloaking  
  30  3:11  Action  Stop SCV at 16 / 17
  35  3:20  Siege Tank  never stop
  40  3:50  Action  Sent first Banshee out - dont attack until Cloak
  60  5:00  Action  Push out - min 3 Tanks
Spawning Tool Build Advisor. Get it on Overwolf

Go to:

Details

  • Created by: NaNa
  • Published on: Nov 10, 2024
  • Modified on: Nov 10, 2024
  • Patch: 5.0.11
  • Difficulty: Easy
Show
View Real Time Build Order
Export as new Build Order

Comments (0)

There are no comments. Be the first!

Create an account to comment!